 Dungeon Crawl Stone Soup version 0.25-a0-302-g9f758675c1 (webtiles) character file.

Game seed: 4201132496246617825, levelgen mode: deterministic

1591 mopl the Changer (level 8, 0/36 HPs)
             Began as a Spriggan Venom Mage on Dec 20, 2019.
             Was a Follower of Cheibriados.
             Slain by a centaur skeleton (3 damage)
             ... on level 5 of the Dungeon.
             The game lasted 00:13:31 (4404 turns).

mopl the Changer (Spriggan Venom Mage)              Turns: 4404, Time: 00:13:32

Health: 0/36       AC:  9    Str:  6    XL:     8   Next: 61%
Magic:  12/19      EV: 18    Int: 20    God:    Cheibriados [*.....]
Gold:   150        SH:  0    Dex: 19    Spells: 7/20 levels left

rFire    . . .     SeeInvis +   i - +1 mace (protect)
rCold    . . .     Gourm    .   (shield restricted)
rNeg     . . .     Faith    .   a - +0 robe
rPois    .         Spirit   .   (helmet restricted)
rElec    .         Reflect  .   (no cloak)
rCorr    .         Harm     .   (gloves unavailable)
MR       +....                  (boots unavailable)
Stlth    +++.......             (no amulet)
HPRegen  0.12/turn              (no ring)
MPRegen  0.16/turn              (no ring)

@: protection aura, berserk cooldown, very slightly contaminated, slowed, very
slow
A: very small, unfitting armour, see invisible, herbivore, speed 3, slow
metabolism 2
a: Bend Time, Renounce Religion


You were on level 5 of the Dungeon.
You worshipped Cheibriados.
Cheibriados was aware of your devotion.
You were not hungry.

You visited 1 branch of the dungeon, and saw 5 of its levels.
You also visited: Ossuary.

You collected 150 gold pieces.

Inventory:

Hand Weapons
 i - a +1 mace of protection (weapon)
 m - a +2 whip of freezing
 s - a cursed -3 short sword
Missiles
 d - 30 poisoned darts (quivered)
 f - 11 curare-tipped darts
 n - 3 throwing nets
Armour
 a - a +0 robe (worn)
Wands
 l - a wand of flame (3)
Scrolls
 b - 2 scrolls of teleportation
 e - a scroll of noise {unknown}
 j - 2 scrolls of identify {unknown}
 o - 3 scrolls of remove curse {unknown}
 p - 2 scrolls of blinking {unknown}
Potions
 g - 2 potions of cancellation {unknown}
 h - 3 potions of curing {unknown}
 k - 3 potions of berserk rage {!q}
 q - a potion of mutation {unknown}
 r - a potion of haste {unknown}
Comestibles
 c - 10 rations


   Skills:
 - Level 3.0 Dodging
 - Level 3.0 Stealth
 + Level 6.9 Spellcasting
 - Level 2.3 Conjurations
 + Level 7.1 Transmutations
 - Level 2.6 Fire Magic
 - Level 2.0 Air Magic
 + Level 6.1 Poison Magic


You had 7 spell levels left.
You knew the following spells:

 Your Spells              Type           Power        Failure   Level  Hunger
a - Sting                 Tmut/Pois      ####         1%          1    None
b - Poisonous Vapours     Pois/Air       ###...       2%          2    None
d - Mephitic Cloud        Conj/Pois/Air  ###.....     7%          3    #......
g - Ignite Poison         Fire/Tmut/Pois ####....     3%          3    #......
o - Olgreb's Toxic Radia  Pois           ####....     8%          4    ###....

Your spell library contained the following spells:

 Spells                   Type           Power        Failure   Level  Hunger


Dungeon Overview and Level Annotations

Branches:
Dungeon (5/15)             Temple (0/1) D:5         Ossuary (visited)

Altars:
Cheibriados
Hepliaklqana
Makhleb
Qazlal
Trog
Uskayaw
Vehumet
Yredelemnul

Annotations:
D:3 1 runed translucent door, vishdafish's ghost, amateur CeBe


Innate Abilities, Weirdness & Mutations

You are very small and have problems with some larger weapons.
You are too small for most types of armour.
You have supernaturally acute eyesight. (SInv)
You are a herbivore.
You cover ground extremely quickly.
You need to consume almost no food.


Message History

You feel your anger nearly subside. The bullfrog skeleton misses you.
The centaur skeleton hits you but does no damage.
The bullfrog skeleton closely misses you.
The centaur skeleton hits you.
* * * LOW HITPOINT WARNING * * *
You thump the centaur skeleton!
Your weapon exudes an aura of protection.
The centaur skeleton is heavily damaged.
You are no longer berserk.
You are exhausted.
You feel yourself slow down.
The bullfrog skeleton closely misses you.
The centaur skeleton misses you.
The bullfrog skeleton barely misses you.
You hit the centaur skeleton.
The centaur skeleton is severely damaged.
You feel less confused. The centaur skeleton hits you.
You die...

.......................###
.......................#
..$.........)..........#
.......................#
$.....................#
#.#
.....................##
..# ....................##
.. ...................##
#. ...............@...##
#. ...............ZZ.).#
#. ................###.##
#. ................# ##.##
#. ..............#.#
##.### ##.
............######
##..######.. ...........##
#.# ##.........
..........## #.#
#########.
...........#####.# ##


You could see a bullfrog skeleton and a centaur skeleton.

Vanquished Creatures
  Pikel (D:4)
  Grinder (D:3)
  Edmund (D:4)
  An ogre (D:4)
  A centaur (D:5)
  Blork the orc (D:4)
  A scorpion (D:5)
  A water moccasin skeleton (D:5)
  A howler monkey (D:3)
  A crimson imp (D:5)
  6 hounds
  A bullfrog skeleton (D:3)
  A worker ant (D:5)
  A big kobold zombie (Ossuary)
  A hound skeleton (D:4)
  5 mummies (Ossuary)
  5 adders
  An ooze (D:3)
  A leopard gecko (D:1)
  16 orcs
  9 bats
  3 giant cockroaches
  3 goblins
  5 hobgoblins
  7 jackals (D:1)
  8 kobolds
  3 frilled lizards
  5 hobgoblin zombies (Ossuary)
  A jackal zombie (D:5)
  7 rats
  A butterfly (D:5)
100 creatures vanquished.

Vanquished Creatures (others)
  An iguana (D:4)
1 creature vanquished.

Grand Total: 101 creatures vanquished

Notes
Turn   | Place    | Note
-------+----------+-------------------------------------------
     0 | D:1      | mopl the Spriggan Venom Mage began the quest for the Orb.
     0 | D:1      | Reached XP level 1. HP: 9/9 MP: 5/5
   129 | D:1      | Reached skill level 3 in Spellcasting
   129 | D:1      | Reached skill level 2 in Transmutations
   129 | D:1      | Reached XP level 2. HP: 10/13 MP: 0/7
   176 | D:1      | Learned a level 2 spell: Poisonous Vapours
   853 | D:1      | Reached XP level 3. HP: 16/16 MP: 5/8
  1364 | D:2      | Learned a level 3 spell: Ignite Poison
  1618 | D:2      | Found a radiant altar of Vehumet.
  1658 | D:3      | Reached skill level 1 in Air Magic
  1690 | D:3      | Found a snail-covered altar of Cheibriados.
  1697 | D:3      | Found a runed translucent door.
  1700 | D:3      | Noticed vishdafish's ghost (amateur CeBe)
  1707 | D:3      | Learned a level 3 spell: Mephitic Cloud
  1709 | D:3      | Became a worshipper of Cheibriados the Contemplative
  1737 | D:3      | Reached XP level 4. HP: 19/21 MP: 3/10
  1739 | D:3      | Noticed Grinder
  1877 | D:3      | Reached skill level 3 in Transmutations
  2018 | D:3      | Found a faded altar of an unknown god.
  2144 | D:3      | Killed Grinder
  2144 | D:3      | Reached skill level 4 in Spellcasting
  2144 | D:3      | Reached skill level 1 in Conjurations
  2144 | D:3      | Reached skill level 1 in Fire Magic
  2144 | D:3      | Reached skill level 2 in Air Magic
  2144 | D:3      | Reached skill level 4 in Poison Magic
  2144 | D:3      | Reached XP level 5. HP: 15/24 MP: 4/12
  2144 | D:3      | Reached XP level 6. HP: 17/28 MP: 4/13
  2304 | D:3      | Learned a level 4 spell: Olgreb's Toxic Radiance
  2335 | D:3      | Found a stormy altar of Qazlal.
  2425 | D:3      | Found a burning altar of Makhleb.
  2506 | D:3      | Found a bloodstained altar of Trog.
  2619 | D:3      | Found a hazy altar of Hepliaklqana.
  2779 | D:4      | Noticed Edmund
  2823 | D:4      | Noticed Blork the orc
  2831 | D:4      | Killed Blork the orc
  2831 | D:4      | Reached skill level 4 in Transmutations
  2831 | D:4      | Noticed Pikel
  2843 | D:4      | Noticed a slave
  2885 | D:4      | Killed Pikel
  2885 | D:4      | Reached skill level 5 in Spellcasting
  2885 | D:4      | Reached skill level 2 in Conjurations
  2885 | D:4      | Reached skill level 5 in Transmutations
  2885 | D:4      | Reached skill level 2 in Fire Magic
  2885 | D:4      | Reached XP level 7. HP: 12/32 MP: 0/16
  2899 | D:4      | Found a hide-covered altar of Uskayaw.
  2961 | D:4      | Found a sand-covered staircase.
  2980 | Ossuary  | Entered an ossuary
  2987 | Ossuary  | Reached skill level 5 in Poison Magic
  3362 | D:4      | Found a basalt altar of Yredelemnul.
  3381 | D:4      | Reached XP level 8. HP: 23/36 MP: 9/17
  3624 | D:4      | Killed Edmund
  3624 | D:4      | Reached skill level 6 in Spellcasting
  3624 | D:4      | Reached skill level 6 in Transmutations
  3999 | D:5      | Entered Level 5 of the Dungeon
  4231 | D:5      | Reached skill level 6 in Poison Magic
  4231 | D:5      | Reached * piety under Cheibriados
  4237 | D:5      | Reached skill level 7 in Transmutations
  4299 | D:5      | Found a staircase to the Ecumenical Temple.
  4404 | D:5      | Slain by a centaur skeleton

Levels and vault maps discovered:
D:1:      dpeg_arrival_chase, layout_basic, serial_curves, eino_curves_02,
          eino_curves_01
D:2:      layout_basic, lemuel_doored_altar
D:3:      layout_basic, nicolae_qazlal_general_emergency, cheibriados_altar_1,
          old_standard_altar, makhleb_heckhound_becter,
          nicolae_overflow_crystal_walls, hellmonk_ghost_happy_afterlife,
          chequers_ecumenical_altar_simple_redux, st_stairs_14, uniq_grinder
D:4:      layout_gridville, kennysheep_mini_moat, old_standard_altar,
          nicolae_ossuary_entry_monument, uniq_pikel, uniq_edmund,
          uniq_blork_the_orc
D:5:      layout_layer_cave, minmay_temple_entry_butterflies,
          gup_sewer_entry_pipe, first_ration

Skill      XL: |  1  2  3  4  5  6  7  8 |
---------------+-------------------------+-----
Spellcasting   | 3 4 5 6 |  6.9
Transmutations | 2 3 5 7 |  7.1
Air Magic      | 1 2 |  2.0
Conjurations   | 1 2 |  2.3
Fire Magic     | 1 2 |  2.6
Poison Magic   | 4 5 6 |  6.1
Dodging        | |  3.0
Stealth        | |  3.0

Action                   |  1- 3 |  4- 6 |  7- 9 || total
-------------------------+-------+-------+-------++-------
Melee: Mace              |       |    12 |    79 ||    91
Throw: Dart              |       |     1 |     2 ||     3
 Cast: Sting             |    53 |    46 |    39 ||   138
       Poisonous Vapours |     3 |    11 |     5 ||    19
       Ignite Poison     |     1 |     6 |     9 ||    16
       Mephitic Cloud    |     1 |     3 |     5 ||     9
       Olgreb's Toxic Ra |       |       |     1 ||     1
Evoke: Wand              |       |     2 |    11 ||    13
  Use: Scroll            |       |       |     2 ||     2
       Potion            |       |       |     1 ||     1
 Stab: Sleeping          |       |       |     1 ||     1
  Eat: Ration            |       |       |     2 ||     2
Armor: Robe              |    11 |     2 |    19 ||    32
Dodge: Dodged            |    30 |    28 |   116 ||   174

Table legend:
 A = Non-vault XP
 B = Vault XP
 C = Vault XP percentage of total XP
 D = Non-vault monster count
 E = Vault monster count
 F = Vault count percentage of total count
                 A         B        C        D         E       F
            +---------+---------+-------+---------+---------+-------
      Total |     980 |    1293 |  56.9 |      82 |      17 |  17.2
            +---------+---------+-------+---------+---------+-------
        D:1 |      47 |       0 |   0.0 |      27 |       0 |   0.0
        D:2 |      21 |       0 |   0.0 |       7 |       0 |   0.0
        D:3 |     182 |     314 |  63.3 |      28 |       3 |   9.7
        D:4 |     199 |     859 |  81.2 |       6 |       3 |  33.3
        D:5 |     531 |       0 |   0.0 |      14 |       0 |   0.0
    Ossuary |       0 |     120 | 100.0 |       0 |      11 | 100.0
            +---------+---------+-------+---------+---------+-------
